 Dungeon Crawl Stone Soup version 0.29-a0-344-ge2f44be95a (webtiles) character file.

Game seed: 2321429737318083299

9960 spaghetti the Earth Mage (level 11, -9/81 HPs)
             Began as a Deep Dwarf Earth Elementalist on Apr 21, 2022.
             Was a Believer of Makhleb.
             Mangled by a cane toad (18 damage)
             ... on level 2 of the Lair of Beasts on Apr 22, 2022.
             The game lasted 00:28:55 (11792 turns).

spaghetti the Earth Mage (DDEE)                    Turns: 11792, Time: 00:28:55

Health: -9/81      AC:  8    Str:  9    XL:     11   Next: 29%
Magic:  17/23      EV: 12    Int: 21    God:    Makhleb [**....]
Gold:   511        SH:  0    Dex: 19    Spells: 3/29 levels left

rFire   + . .      SeeInvis .   y - staff of conjuration {!a@e2staff}
rCold   . . .      Faith    .   (no shield)
rNeg    + + .      Spirit   .   C - +2 robe "Laicosyn" {rN++}
rPois   +          Reflect  .   (no helmet)
rElec   .          Harm     .   q - +1 cloak
rCorr   .          Rampage  .   (no gloves)
Will    +....                   k - +1 pair of boots
Stlth   ++........              (no amulet)
HPRegen 0.00/turn               P - +6 ring of dexterity
MPRegen 0.18/turn               u - ring of poison resistance

@: very slightly contaminated
A: damage resistance, heal wounds, sense surroundings 2, no regeneration, fire
resistance 1, weak 1
a: Heal Wounds, Renounce Religion, Minor Destruction


You were on level 2 of the Lair of Beasts.
You worshipped Makhleb.
Makhleb was pleased with you.
You visited 3 branches of the dungeon, and saw 12 of its levels.

You collected 1187 gold pieces.
You spent 676 gold pieces at shops.


Innate Abilities, Weirdness & Mutations

You are resistant to damage.
You can heal yourself by infusing magical energy.
You passively map the area around you.
You do not regenerate.
Your flesh is heat resistant. (rF+)
You are weak. (Str -2)


   Skills:
 - Level 2.1 Dodging
 - Level 2.4 Stealth
 * Level 9.7 Spellcasting
 + Level 3.0 Transmutations
 + Level 17.5 Earth Magic


You had 3 spell levels left.
You knew the following spells:

 Your Spells              Type           Power      Damage    Failure   Level
a - Sandblast             Erth           100%       2d20      0%          1
b - Stone Arrow           Conj/Erth      100%       3d13      1%          3
c - Iron Shot             Conj/Erth      31%        9d6       28%         6
d - Animate Armour        Summ/Erth      92%        N/A       1%          4
e - Passwall              Tmut/Erth      43%        N/A       1%          2
f - Petrify               Tmut/Erth      52%        N/A       1%          4
g - Statue Form           Tmut/Erth      34%        N/A       16%         6

Your spell library contained the following spells:

 Spells                   Type           Power      Damage    Failure   Level
 Sting                    Tmut/Pois      64%        1d6       3%          1
 Apportation              Tloc           20%        N/A       7%          1
 Magic Dart               Conj           60%        1d6       7%          1
 Blink                    Tloc           20%        N/A       10%         2
 Call Imp                 Summ           10%        N/A       10%         2
 Poisonous Vapours        Pois/Air       20%        N/A       10%         2
 Mephitic Cloud           Conj/Pois/Air  15%        N/A       21%         3
 Ozocubu's Armour         Ice            10%        N/A       21%         3
 Leda's Liquefaction      Hex/Erth       23%        N/A       1%          4
 Lee's Rapid Deconstruct  Erth           35%        3d19*     1%          5
 Blade Hands              Tmut           11%        N/A       47%         5
 Olgreb's Toxic Radiance  Pois           10%        N/A       54%         4
 Alistair's Intoxication  Tmut/Pois      10%        N/A       69%         5
 Manifold Assault         Tloc           10%        N/A       88%         5
 Ozocubu's Refrigeration  Ice            5%         4d6       100%        7
 Storm Form               Tmut/Air       8%         N/A       100%        7

Inventory:

Hand Weapons
 d - a +0 dagger {short}
   (You took it off a kobold on level 1 of the Dungeon)
 e - a +0 club {mace}
   (You found it on level 1 of the Dungeon)
 o - a +3 dagger {short}
   (You took it off a wight on level 8 of the Dungeon)
 w - a +2 flail of draining {mace}
   (You took it off an orc priest on level 8 of the Dungeon)
 z - a +2 flail of draining {mace}
   (You took it off a gnoll on level 8 of the Dungeon)
 B - a +1 vorpal quarterstaff {staff}
   (You found it on level 8 of the Dungeon)
 E - a +6 scimitar {long}
   (You took it off a wight on level 8 of the Dungeon)
 F - a +2 vorpal mace {mace}
   (You took it off an orc on level 5 of the Dungeon)
 G - a +1 dagger {short}
   (You took it off a wight on level 5 of the Dungeon)
 H - a +2 great sword of freezing {long}
   (You took it off a wight on level 5 of the Dungeon)
 I - a +3 hand axe of freezing {axe}
   (You took it off a wight on level 5 of the Dungeon)
 J - a +4 spear {polearm}
   (You took it off a wight on level 5 of the Dungeon)
 L - a +1 dagger of speed {short}
   (You took it off an orc wizard on level 7 of the Dungeon)
 M - the +5 spear of Malaise {flame, rC+ MP+9 Str-2, polearm}
   (You found it on level 9 of the Dungeon)

   It burns those it strikes, dealing additional fire damage.
   Str:       It affects your strength (-2).
   rC:        It protects you from cold.
   MP:        It affects your magic capacity (+9).
 R - a +2 dagger of venom {short}
   (You took it off Sonja on level 1 of the Lair of Beasts)
Missiles
 a - 209 stones {throwing}
 c - 3 boomerangs {throwing}
 h - 14 poisoned darts {throwing}
 j - 4 silver javelins {throwing}
 Q - a throwing net {=f!fthrowing}
 S - 3 curare-tipped darts {=fthrowing}
Armour
 b - a +0 cloak
   (You found it on level 6 of the Dungeon)
 k - a +1 pair of boots (worn)
   (You found it on level 2 of the Dungeon)
 m - the +1 chain mail of Viom {Dex+4}
   (You found it on level 7 of the Dungeon)

   Dex:       It affects your dexterity (+4).
 q - a +1 cloak (worn)
   (You found it on level 8 of the Dungeon)
 C - the +2 robe "Laicosyn" (worn) {rN++}
   (You found it on level 6 of the Dungeon)

   rN:        It greatly protects you from negative energy.
Magical Staves
 v - a staff of death {!astaff}
   (You found it on level 4 of the Dungeon)
 y - a staff of conjuration (weapon) {!a@e2staff}
   (You found it on level 5 of the Dungeon)
Jewellery
 u - a ring of poison resistance (right hand)
   (You found it on level 4 of the Dungeon)
 P - a +6 ring of dexterity (left hand)
   (You found it on level 1 of the Lair of Beasts)
Wands
 f - a wand of paralysis (6)
   (You took it off Maurice on level 8 of the Dungeon)
 K - a wand of iceblast (11)
   (You found it on level 7 of the Dungeon)
Scrolls
 i - 4 scrolls of teleportation {@r4}
 l - 4 scrolls of enchant armour
 n - a scroll of noise {!r}
 r - 5 scrolls of enchant weapon
 s - a scroll of fog
 t - 3 scrolls of immolation {!r!r}
 x - 2 scrolls of vulnerability {!r!r}
 A - 5 scrolls of identify {@r1}
 D - 2 scrolls of magic mapping {!r}
Potions
 g - 3 potions of brilliance
 p - 2 potions of degeneration {!q@e2}
 N - 2 potions of curing {@q1}
 O - 2 potions of lignification {!q}

Dungeon Overview and Level Annotations

Branches:
Dungeon (9/15)             Temple (1/1) D:5            Lair (2/6) D:8
    Orc (0/2) D:9
  Swamp: Lair:2-4    Shoals: Lair:2-4     Snake: Lair:2-4    Spider: Lair:2-4

Altars:
Ashenzari
Dithmenos
Fedhas
Gozag
Hepliaklqana
Kikubaaqudgha
Makhleb
Nemelex Xobeh
Okawaru
Uskayaw
Vehumet
Wu Jian
Xom
Yredelemnul
Zin
The Shining One

Shops:
D:1 (:*   D:3 *   D:7 (   D:8 ?   D:9 (*

Annotations:
D:5 exclusion: centaur
D:6 exclusion: 2 doors

* * ** * ** * ,
### ### ##
####.###[# ..#.,
,* ## #.......##
*#.... P#
#.......##
*#.....,
.######......P#
#.....P , ..#.#
#......P###.......
...##
##......#.@F# *
...##
#.......###......
<...## #P......#
..... *
.....####.....##
,.... *
.....#......###
..# .........####
## ........## * ,
.........# *, ,
.......### ,


You could see a cane toad.


Message History

The blast of sand hits Joseph!!
You kill Joseph!
Makhleb accepts your kill.
You feel better.
A nearby fungus withers and dies. 😨 HP[+4] MP[-1]
You regained 4 hp, and now have 24/81 hp.
You lost 1 mp, and now have 1/23 mp.
Things that are here:
a +0 hunting sling {sling}; a +0 quarterstaff {staff}; a +0 leather armour of fire resistance Your magical contamination has completely faded away.
Key pressed, stopping explore.
Key pressed, stopping explore.
Key pressed, stopping explore.
You now have 501 gold pieces (gained 7).
You open the door.
There is an open door here.
There is an open door here.
You open the door.
There is an open door here.
Key pressed, stopping explore.
You now have 511 gold pieces (gained 10).
You open the door.
There is an open door here.
There is an open door here.
A - 5 scrolls of identify {@r1} (gained 1)
You open the door.
There is an open door here.
Found a stone staircase leading down. 😨 MP[+22]
Your mp is fully restored (23).
You open the door.
There is an open door here.
You open the door.
There is an open door here.
You open the door.
Sonja, the Graceful Assassin comes into view.
She is wielding a +2 dagger of venom and quivering curare-tipped darts.
Casting: Sandblast (safe; 0% risk of failure)
Confirm with . or Enter, or press ? or * to list all spells.
The spell is quite dangerous to miscast (28% risk of failure)!
Continue anyway?
Aiming: Iron Shot (quite dangerous; 28% risk of failure)
Press: ? - help, Shift-Dir - straight line, f - Sonja
Aim: Sonja, wielding a +2 dagger of venom and quivering curare-tipped darts (asleep, 100% to hit)
You feel a surge of power!
The iron shot hits Sonja!!
You kill Sonja!
Makhleb accepts your kill.
You feel better.
Your Transmutations skill increases to level 3! 😨 HP[+3] MP[-6]
You regained 3 hp, and now have 27/81 hp.
You lost 6 mp, and now have 17/23 mp.
There is an open door here.
R - a +2 dagger of venom {short};
S - 3 curare-tipped darts {=fthrowing} You see here the kobold corpse of Sonja {!w}. 😨 MP[+1] Unknown command.
(D) Dungeon (T) Temple (L) Lair (O) Orcish Mines
Where to? (Enter - D:8 @ (x,y), ? - help)
There is an open door here.
There is an open door here.
There is a stone staircase leading down here.
You climb downwards.
You feel a wave of frost pass over you.
There is an entrance to an ice cave on this level.
Hurry and find it before the portal melts!
Found a stone staircase leading down.
There is a stone staircase leading up here. 😨 MP[+2]
You regained 2 mp, and now have 20/23 mp.
Unknown command.
Unknown command.
Unknown command.
Found a stone staircase leading down. 😨 MP[+3]
Your mp is fully restored (23).
Found a glowing cloak.
You see here a +2 cloak.
A cane toad comes into view.
Casting: Iron Shot (quite dangerous; 28% risk of failure)
Confirm with . or Enter, or press ? or * to list all spells.
You can't see any susceptible monsters within range! (Use Z to cast anyway.)
Casting: Iron Shot (quite dangerous; 28% risk of failure)
Confirm with . or Enter, or press ? or * to list all spells.
You can't see any susceptible monsters within range! (Use Z to cast anyway.)
The cane toad gives a loud, deep croak!
Casting: Iron Shot (quite dangerous; 28% risk of failure)
Confirm with . or Enter, or press ? or * to list all spells.
You can't see any susceptible monsters within range! (Use Z to cast anyway.) Unknown command.
Casting: Iron Shot (quite dangerous; 28% risk of failure)
Confirm with . or Enter, or press ? or * to list all spells.
The spell is quite dangerous to miscast (28% risk of failure)!
Continue anyway?
Aiming: Iron Shot (quite dangerous; 28% risk of failure)
Press: ? - help, Shift-Dir - straight line, f - cane toad
Aim: a cane toad (77% to hit)
You feel a surge of power!
You miscast Iron Shot.
You are very lightly contaminated with residual magic.
You are caught in a violent explosion!!
* * * LOW HITPOINT WARNING * * *
The cane toad stings you!!
You die...

Skill      XL: |  1  2  3  4  5  6  7  8  9 10 11 |
---------------+----------------------------------+-----
Earth Magic    | 5 6 7 9 11 14 16 17 | 17.5
Spellcasting   | 2 3 4 6 9 |  9.7
Transmutations | 1 3 |  3.0
Dodging        | |  2.1
Stealth        | |  2.4

Action                   |  1- 3 |  4- 6 |  7- 9 | 10-12 || total
-------------------------+-------+-------+-------+-------++-------
Melee: Unarmed           |     1 |       |       |       ||     1
       Dagger            |     7 |       |     5 |       ||    12
       Staff             |       |       |       |    11 ||    11
Throw: Dart              |       |     4 |       |       ||     4
       Stone             |       |       |    16 |       ||    16
       Javelin           |       |       |     1 |       ||     1
 Cast: Sandblast         |    46 |    71 |    43 |    20 ||   180
       Stone Arrow       |       |       |    94 |    62 ||   156
       Animate Armour    |       |       |     1 |       ||     1
       Iron Shot         |       |       |       |    12 ||    12
       Petrify           |       |       |       |     1 ||     1
 Abil: Heal Wounds       |       |     1 |       |     3 ||     4
Evoke: Wand              |       |     3 |     2 |     5 ||    10
  Use: Scroll            |     4 |       |     6 |    10 ||    20
       Potion            |       |     4 |     9 |     2 ||    15
 Stab: Paralysed         |       |       |     5 |       ||     5
Armor: Robe              |     3 |     6 |    10 |    11 ||    30
Dodge: Dodged            |    13 |    16 |    27 |    16 ||    72

Levels and vault maps discovered:
D:1:      saegor_arrival_miasma, layout_rooms, serial_shops, shop,
          nicolae_shop_statue_plus, nicolae_shop_stone,
          nicolae_shop_window_shopping, glass_columns_c
D:2:      layout_basic, dreamdust_ecumenical_altar_grove,
          minmay_misc_feat_cross, minmay_bisected
D:3:      layout_loops_ring, lemuel_crystal_altar,
          nemelex_xobeh_ov_fountains_minmay, mainiacjoe_overflow_brackets,
          serial_shops, nicolae_shop_hallway_stairs, uniq_ijyb
D:4:      layout_layer_cave, mainiacjoe_overflow_24_doors,
          overflow_temple_1_default, kennysheep_decorative_pillar, nrook_uturn,
          grunt_decor_junction
D:5:      layout_gridville, minmay_temple_entry_ruins, kennysheep_diamond,
          chequers_decorated_corner, minmay_misc_feat_x, amethyst_killhole
D:6:      cheibrodos_two_vegetables, layout_rooms,
          mainiacjoe_overflow_surrounded_room
D:7:      layout_basic, serial_shops, nicolae_shop_behind_doors,
          kennysheep_generic_room_11, uniq_prince_ribbit1
D:8:      layout_rooms, erik_lair_dragon, serial_shops, nicolae_lakefront_shop,
          minmay_chambers_of_fives, uniq_maurice, uniq_grum
D:9:      layout_roguey, old_standard_altar, mainiacjoe_overflow_boulevard,
          serial_shops, shop_statue, shop, nicolae_shop_statue_plus, shop
Temple:   dpeg_chambers_temple
Lair:1:   layout_roguey, minmay_holes, grunt_megastairs_2, uniq_sonja,
          uniq_joseph
Lair:2:   layout_cave_pods, portal_ice_cave_entry_pillars_2, kennysheep_rathole,
          grunt_megastairs_5

Notes
Turn   | Place    | Note
-------+----------+-------------------------------------------
     0 | D:1      | spaghetti the Deep Dwarf Earth Elementalist began the quest
                  | for the Orb.
     0 | D:1      | Reached XP level 1. HP: 15/15 MP: 3/3
     0 | D:1      | magus.rc [v1.9.6]
    60 | D:1      | Found Posiss's Book Emporium.
    60 | D:1      | Found Kuonielo's General Store.
   160 | D:1      | Found Burassuu's Weapon Emporium.
   199 | D:1      | Found Waffust's Armour Emporium.
   342 | D:1      | Reached XP level 2. HP: 22/22 MP: 2/4
   421 | D:1      | Reached skill level 5 in Earth Magic
   718 | D:2      | You add the spells Ozocubu's Armour and Ozocubu's
                  | Refrigeration to your library.
   879 | D:2      | Reached skill level 2 in Spellcasting
   881 | D:2      | Reached XP level 3. HP: 22/28 MP: 0/6
  1038 | D:2      | Learned a level 3 spell: Stone Arrow
  1071 | D:2      | You pick up a book of Party Tricks and begin reading...
  1071 | D:2      | You add the spells Apportation and Alistair's Intoxication
                  | to your library.
  1080 | D:2      | Found a faded altar of an unknown god.
  1320 | D:2      | Reached XP level 4. HP: 28/36 MP: 6/8
  1887 | D:2      | Reached skill level 3 in Spellcasting
  2025 | D:3      | Noticed a black bear
  2029 | D:3      | Killed a black bear
  2030 | D:3      | Reached skill level 6 in Earth Magic
  2030 | D:3      | Reached XP level 5. HP: 18/42 MP: 4/10
  2091 | D:3      | Found a glowing golden altar of the Shining One.
  2313 | D:3      | Found a radiant altar of Vehumet.
  2320 | D:3      | Noticed Ijyb
  2321 | D:3      | Found a sparkling altar of Nemelex Xobeh.
  2335 | D:3      | HP: 8/42 [Ijyb/bolt of acid (24)]
  2336 | D:3      | Killed Ijyb
  2485 | D:3      | Found Zicorih's General Store.
  2533 | D:3      | Reached skill level 4 in Spellcasting
  2615 | D:3      | You pick up a book of Minor Magic and begin reading...
  2615 | D:3      | You add the spells Magic Dart, Call Imp and Mephitic Cloud
                  | to your library.
  2931 | D:4      | Found a shadowy altar of Dithmenos.
  2944 | D:4      | Reached skill level 7 in Earth Magic
  2944 | D:4      | Reached XP level 6. HP: 26/49 MP: 9/12
  3427 | D:4      | You add the spells Blink, Manifold Assault and Storm Form
                  | to your library.
  3707 | D:4      | Found a basalt altar of Yredelemnul.
  3778 | D:4      | You add the spells Sting, Poisonous Vapours and Olgreb's
                  | Toxic Radiance to your library.
  3938 | D:5      | Entered Level 5 of the Dungeon
  3996 | D:5      | Reached skill level 8 in Earth Magic
  4053 | D:5      | Reached skill level 9 in Earth Magic
  4053 | D:5      | Reached XP level 7. HP: 45/55 MP: 10/13
  4075 | D:5      | Found a staircase to the Ecumenical Temple.
  4081 | Temple   | Entered the Ecumenical Temple
  4701 | D:5      | Noticed a steam dragon
  4708 | D:5      | Reached skill level 10 in Earth Magic
  4709 | D:5      | Killed a steam dragon
  4843 | D:5      | Reached skill level 11 in Earth Magic
  4895 | D:5      | Reached XP level 8. HP: 44/62 MP: 7/14
  4997 | D:6      | Reached skill level 12 in Earth Magic
  5193 | D:6      | You pick up a book of Iron and begin reading...
  5193 | D:6      | You add the spells Animate Armour, Blade Hands and Iron
                  | Shot to your library.
  5386 | D:6      | Reached skill level 13 in Earth Magic
  5443 | D:6      | Identified the +2 robe "Laicosyn" {rN++}
  5562 | D:6      | Found a burning altar of Makhleb.
  5826 | D:6      | Noticed a komodo dragon
  5834 | D:6      | Killed a komodo dragon
  5835 | D:6      | Reached skill level 14 in Earth Magic
  6017 | D:7      | Noticed Prince Ribbit
  6038 | D:5      | Gained mutation: You passively map the area around you.
                  | [Deep Dwarf growth]
  6038 | D:5      | Reached XP level 9. HP: 30/68 MP: 10/15
  6852 | D:7      | Learned a level 6 spell: Iron Shot
  6857 | D:7      | Learned a level 4 spell: Animate Armour
  7220 | D:6      | Became a worshipper of Makhleb the Destroyer
  7292 | D:7      | Killed Prince Ribbit
  7293 | D:7      | Reached skill level 15 in Earth Magic
  7801 | D:7      | Reached skill level 5 in Spellcasting
  7807 | D:7      | HP: 14/68 [killer bee (6)]
  7811 | D:7      | Gained mutation: You are weak. (Str -2) [potion of
                  | mutation]
  7811 | D:7      | Gained mutation: Your flesh is heat resistant. (rF+)
                  | [potion of mutation]
  8082 | D:7      | Learned a level 2 spell: Passwall
  8153 | D:7      | Found Raof's Weapon Shoppe.
  8267 | D:7      | Identified the +1 chain mail of Viom {Dex+4}
  8547 | D:8      | Noticed Maurice
  8671 | D:8      | Reached skill level 6 in Spellcasting
  8817 | D:8      | Learned a level 4 spell: Petrify
  9031 | D:8      | Reached * piety under Makhleb
  9032 | D:8      | Reached skill level 16 in Earth Magic
  9032 | D:8      | Reached XP level 10. HP: 41/75 MP: 2/20
  9035 | D:8      | HP: 18/75 [yak (6)]
  9053 | D:8      | Reached skill level 7 in Spellcasting
  9276 | D:9      | Noticed a two-headed ogre
  9277 | D:9      | Found a staircase to the Orcish Mines.
  9281 | D:9      | Found Ugyuto Jeyl's Antique Weapon Shoppe.
  9281 | D:9      | Found Ibamad's Assorted Antiques.
  9293 | D:9      | Killed a two-headed ogre
  9335 | D:9      | Identified the +5 spear of Malaise {flame, rC+ MP+9 Str-2}
  9344 | D:9      | Bought a scroll of identify for 56 gold pieces
  9344 | D:9      | Bought a scroll of identify for 56 gold pieces
  9344 | D:9      | Identified a scroll of acquirement
  9347 | D:9      | Acquired 658 gold pieces
  9490 | D:8      | HP: 18/75 [orc warrior/+0 scimitar (5)]
  9526 | D:8      | Killed Maurice
  9527 | D:8      | Reached skill level 8 in Spellcasting
  9726 | D:8      | Noticed Grum
  9741 | D:8      | Found Wuiv's Magic Scroll Shop.
  9750 | D:8      | Bought 3 scrolls of identify for 60 gold pieces
  9838 | D:8      | Killed Grum
  9952 | D:8      | Noticed a salamander
  9958 | D:8      | Killed a salamander
  9961 | D:8      | Reached skill level 17 in Earth Magic
 10076 | D:3      | Bought a book of the Earth for 504 gold pieces
 10076 | D:3      | You pick up a book of the Earth and begin reading...
 10076 | D:3      | You add the spells Leda's Liquefaction, Lee's Rapid
                  | Deconstruction and Statue Form to your library.
 10083 | D:3      | Learned a level 6 spell: Statue Form
 10174 | D:5      | Reached ** piety under Makhleb
 10175 | D:5      | Reached skill level 1 in Transmutations
 10435 | D:8      | Reached skill level 9 in Spellcasting
 10588 | D:8      | Reached XP level 11. HP: 52/81 MP: 0/23
 10723 | D:8      | Reached skill level 2 in Transmutations
 10821 | D:8      | Found a staircase to the Lair.
 10860 | Lair:1   | Entered Level 1 of the Lair of Beasts
 11413 | Lair:1   | Noticed Joseph
 11427 | Lair:1   | HP: 20/81 [Joseph/sling bullet (10)]
 11429 | Lair:1   | Killed Joseph
 11721 | Lair:1   | Noticed Sonja
 11722 | Lair:1   | Killed Sonja
 11723 | Lair:1   | Reached skill level 3 in Transmutations
 11792 | Lair:2   | HP: 9/81 [something (18)]
 11792 | Lair:2   | Mangled by a cane toad

Vanquished Creatures
  Sonja (Lair:1)
  A salamander (shapeshifter) (D:8)
  Joseph (Lair:1)
  Maurice (D:8)
  5 komodo dragons
  Prince Ribbit (D:7)
  Grum (D:8)
  2 basilisks (D:8)
  7 yaks
  3 steam dragons
  A swamp drake (D:8)
  4 orc warriors
  8 water moccasins
  A sky beast (D:6)
  2 black bears
  An ogre (D:5)
  4 wolves (D:8)
  A centaur (D:5)
  A bullfrog (D:8)
  2 necrophages
  3 scorpions
  9 wights
  5 killer bees (D:7)
  3 jellies (D:6)
  4 hounds
  5 orc priests
  A gnoll shaman (D:8)
  7 iguanas
  Ijyb (D:3)
  6 orc wizards
  5 gnolls
  7 adders
  2 shadow imps (D:6)
  3 worms
  2 dart slugs
  24 orcs
  7 ball pythons
  8 endoplasms
  3 giant cockroaches
  5 goblins
  3 hobgoblins
  2 jackals (D:2)
  9 kobolds
  3 quokkas
  3 bats
  2 frilled lizards
  5 rats
185 creatures vanquished.

Vanquished Creatures (collateral kills)
  A two-headed ogre (D:9)
  A wyvern (D:9)
  3 yaks (D:8)
  3 gnolls (D:8)
  5 orcs
13 creatures vanquished.

Vanquished Creatures (others)
  6 fungi
  3 plants (D:2)
9 creatures vanquished.

Grand Total: 207 creatures vanquished

Table legend:
 A = Non-vault XP
 B = Vault XP
 C = Vault XP percentage of total XP
 D = Non-vault monster count
 E = Vault monster count
 F = Vault count percentage of total count
                 A         B        C        D         E       F
            +---------+---------+-------+---------+---------+-------
      Total |    8354 |    5875 |  41.3 |     169 |      29 |  14.6
            +---------+---------+-------+---------+---------+-------
        D:1 |      21 |       0 |   0.0 |      13 |       0 |   0.0
        D:2 |     105 |       4 |   3.7 |      25 |       2 |   7.4
        D:3 |     162 |      35 |  17.8 |      18 |       1 |   5.3
        D:4 |     216 |       0 |   0.0 |       7 |       0 |   0.0
        D:5 |    1104 |     287 |  20.6 |      28 |       2 |   6.7
        D:6 |     592 |     581 |  49.5 |      11 |       3 |  21.4
        D:7 |    1033 |     255 |  19.8 |      24 |       1 |   4.0
        D:8 |    2521 |    3497 |  58.1 |      29 |      18 |  38.3
        D:9 |    1206 |       0 |   0.0 |       8 |       0 |   0.0
     Lair:1 |    1394 |    1216 |  46.6 |       6 |       2 |  25.0
            +---------+---------+-------+---------+---------+-------

Illustrated notes

Table legend:
 A = Kills in this place as a percentage of kills in entire the game.
 B = Kills by you in this place as a percentage of kills by you in the entire game.
 C = Kills by friends in this place as a percentage of kills by friends in the entire game.
 D = Other kills in this place as a percentage of other kills in the entire game.
 E = Experience gained in this place as a percentage of experience gained in the entire game.
 F = Experience gained in this place divided by the number of levels of this place that you have seen.
                   A       B       C       D       E      F
               +-------+-------+-------+-------+-------+----------------------
         Total | 100.0 | 100.0 | 100.0 |   N/A | 100.0 | 1185.8
       Dungeon |  96.0 |  95.7 | 100.0 |   N/A |  81.7 | 1291.0
          Lair |   4.0 |   4.3 |   0.0 |   N/A |  18.3 | 1305.0
               +-------+-------+-------+-------+-------+----------------------

Table legend: (Time is in decaauts)
 A = Elapsed time spent in this place.
 B = Non-inter-level travel time spent in this place.
 C = Inter-level travel time spent in this place.
 D = Time resting spent in this place.
 E = Time spent auto-exploring this place.
 F = Levels seen in this place.
 G = Mean time per level.
                   A        B        C        D        E       F      G
               +--------+--------+--------+--------+--------+-----+--------+
         Total |  11796 |  11096 |    700 |   1345 |   8423 |  12 |  983.0 |
       Dungeon |  10772 |  10098 |    674 |   1152 |   7695 |   9 | 1196.9 |
        Temple |    225 |    214 |     11 |      0 |    206 |   1 |  225.0 |
          Lair |    798 |    783 |     15 |    193 |    522 |   2 |  399.0 |
               +--------+--------+--------+--------+--------+-----+--------+

Top non-repeatable levels by time:
     D:7: 1877 daAuts
     D:8: 1781 daAuts
     D:5: 1561 daAuts
     D:6: 1375 daAuts
     D:2: 1336 daAuts
     D:4: 1031 daAuts
     D:3: 920 daAuts
  Lair:1: 749 daAuts
     D:1: 687 daAuts
  Temple: 225 daAuts
     D:9: 201 daAuts
  Lair:2: 48 daAuts
